AoeStats
← BSHammer

Lombardia

507883133Analyzed
4v4 RM · 13d ago on Sep 20, 2026· 50m 20s· 8 players
Game mode
Random Map
Map size
Large (8 player)
Population
200
Speed
Normal
Resources
Standard
Victory
Conquest
Starting age
Dark Age
Ending age
Imperial Age
RankedLock teamsTeams togetherTeam positionsShared explorationLock speedFull tech treeHidden civsTurbo modeCheats
Victory
Defeat
🇺🇸 Slavs · United States
1718
+13
🇨🇳 Chinese · China
1691
+14
🇨🇳 Gurjaras · China
1583
+19
🇺🇸 Shu · United States
1578
+19
🇨🇴 Bulgarians · Colombia
1768
-21
🇺🇸 Vikings · United States
1646
-16
🇺🇸 Muisca · United States
1627
-15
🇺🇸 Malians · United States
1570
-13
BeardyMan37
9:15 Feudal Age
10:40 Double-Bit Axe
10:35 Horse Collar
17:04 Wheelbarrow
16:40 Loom
19:37 Castle Age
18:03 Forging
19:10 Gold Mining
20:28 Husbandry
19:49 Light Cavalry
21:20 Bow Saw
21:10 Heavy Plow
21:48 Wheelbarrow
22:36 Stone Mining
24:27 Gold Shaft Mining
27:05 Hand Cart
30:20 Town Watch
33:41 Imperial Age
32:26 Scale Barding Armor
32:32 Bloodlines
32:59 Iron Casting
32:57 Detinets
35:08 Chain Barding Armor
35:49 Blast Furnace
36:20 Two-Man Saw
35:51 Crop Rotation
35:18 Elite Boyar
36:20 Conscription
36:37 Plate Barding Armor
39:13 Caravan
42:26 Coinage
44:53 Banking
46:58 Masonry
47:38 Hoardings
feeling.yang.nlp
7:21 Loom
10:07 Feudal Age
14:25 Castle Age
12:48 Double-Bit Axe
14:08 Horse Collar
21:11 Gold Mining
21:25 Heavy Plow
24:13 Gold Shaft Mining
25:35 Bow Saw
27:03 Wheelbarrow
26:15 Town Watch
29:38 Imperial Age
27:50 Stone Mining
28:38 Scale Barding Armor
28:44 Forging
29:00 Bloodlines
28:50 Husbandry
29:23 Hand Cart
29:40 Chain Barding Armor
29:49 Heavy Camel Rider
30:36 Kshatriyas
31:42 Conscription
32:46 Plate Barding Armor
33:01 Frontier Guards
35:06 Iron Casting
34:34 Caravan
35:04 Coinage
34:46 Masonry
34:16 Treadmill Crane
34:49 Masonry
35:40 Chemistry
41:08 Stone Shaft Mining
41:10 Architecture
42:02 Banking
41:35 Light Cavalry
43:30 Hussar
46:49 Crop Rotation
46:13 Fletching
46:26 Padded Archer Armor
48:10 Siege Elephant
Izumi Yuki
0:30 Loom
9:13 Feudal Age
11:00 Double-Bit Axe
16:02 Fletching
16:07 Horse Collar
18:52 Castle Age
17:29 Fletching
18:26 Padded Archer Armor
18:19 Gold Mining
18:53 Crossbowman
19:29 Bodkin Arrow
24:00 Ballistics
27:33 Wheelbarrow
26:43 Town Watch
29:13 Hand Cart
30:47 Heavy Plow
30:59 Bow Saw
34:01 Imperial Age
31:54 Bloodlines
31:46 Stone Mining
32:38 Fortified Wall
34:17 Husbandry
34:29 Thumb Ring
35:11 Gold Shaft Mining
35:11 Stone Shaft Mining
34:09 Heavy Cavalry Archer
35:00 Bracer
36:26 Chemistry
36:22 Caravan
37:15 Capped Ram
39:15 Conscription
38:55 Great Wall
39:12 Masonry
38:53 Guard Tower
38:49 Arrowslits
38:32 Siege Ram
41:15 Keep
41:35 Heavy Rocket Cart
42:53 Bombard Tower
43:04 Architecture
44:51 Two-Man Saw
[C82]sasuke
7:34 Loom
11:01 Feudal Age
11:42 Double-Bit Axe
12:17 Horse Collar
17:06 Castle Age
26:33 Town Watch
28:26 Wheelbarrow
28:33 Stone Mining
28:58 Bow Saw
29:04 Gold Mining
30:09 Hand Cart
31:01 Fortified Wall
34:11 Imperial Age
32:15 Heavy Plow
32:43 Scale Mail Armor
32:44 Squires
32:30 Gambesons
32:31 Arson
33:19 Forging
34:42 Chain Mail Armor
35:28 Gold Shaft Mining
34:22 Elite White Feather Guard
35:05 Coiled Serpent Array
35:26 Conscription
36:30 Masonry
36:53 Plate Mail Armor
38:16 Two-Man Saw
42:33 Coinage
42:12 Caravan
43:20 Siege Engineers
44:16 Chemistry
47:50 Ballistics
48:44 Guard Tower
48:40 Arrowslits
50:23 Architecture
49:48 Murder Holes
50:09 Fletching
50:20 Padded Archer Armor
Lucas Ducas
8:34 Loom
10:46 Feudal Age
11:44 Town Watch
15:12 Castle Age
13:55 Double-Bit Axe
15:19 Stone Mining
16:05 Bow Saw
16:22 Horse Collar
19:39 Wheelbarrow
28:27 Heavy Plow
29:28 Fletching
30:12 Hand Cart
30:57 Bodkin Arrow
34:35 Imperial Age
32:15 Gold Mining
33:21 Stone Shaft Mining
33:00 Padded Archer Armor
33:26 Ballistics
34:31 Gold Shaft Mining
34:22 Leather Archer Armor
34:20 Masonry
34:38 Treadmill Crane
35:18 Bracer
36:19 Chemistry
35:43 Conscription
34:46 Elite Guecha Warrior
36:37 Herbalism
39:27 Two-Man Saw
38:32 Pikeman
39:13 Squires
38:48 Elite Temple Guard
39:34 Scale Mail Armor
39:44 Forging
40:50 Hoardings
41:55 Chain Mail Armor
42:16 Iron Casting
42:16 Siege Engineers
43:08 Coinage
43:15 Plate Mail Armor
44:40 Banking
43:52 Pikeman
49:05 Crop Rotation
koriko9397
11:03 Feudal Age
14:41 Castle Age
12:50 Double-Bit Axe
16:41 Horse Collar
19:49 Bow Saw
23:17 Heavy Plow
24:19 Loom
27:10 Town Watch
28:00 Pikeman
32:15 Imperial Age
29:56 Gold Mining
30:34 Squires
30:48 Forging
30:39 Scale Mail Armor
31:06 Chieftains
32:38 Iron Casting
32:18 Chain Mail Armor
33:01 Gold Shaft Mining
33:21 Chain Mail Armor
34:07 Blast Furnace
35:17 Plate Mail Armor
36:38 Conscription
40:07 Fletching
45:41 Crossbowman
47:05 Bodkin Arrow
47:53 Capped Ram
48:43 Arbalester
49:55 Padded Archer Armor
BSHammer
9:45 Feudal Age
9:30 Loom
11:51 Double-Bit Axe
13:38 Scale Barding Armor
18:36 Wheelbarrow
18:23 Forging
22:58 Castle Age
23:04 Horse Collar
24:24 Town Watch
26:54 Hand Cart
30:17 Gold Mining
31:01 Husbandry
33:07 Bloodlines
35:22 Chain Barding Armor
35:38 Iron Casting
39:51 Imperial Age
37:56 Light Cavalry
40:53 Farimba
42:11 Plate Barding Armor
42:38 Caravan
42:04 Heavy Camel Rider
43:16 Heavy Plow
44:54 Conscription
44:55 Fletching
48:01 Bow Saw
orquideas
6:45 Loom
9:06 Feudal Age
9:46 Double-Bit Axe
9:48 Horse Collar
12:59 Forging
15:15 Wheelbarrow
18:14 Castle Age
17:00 Scale Barding Armor
17:32 Bloodlines
18:56 Husbandry
19:33 Iron Casting
19:10 Bow Saw
19:00 Light Cavalry
24:33 Heavy Plow
26:02 Town Watch
29:25 Chain Barding Armor
32:31 Gold Mining
36:07 Imperial Age
34:32 Scale Mail Armor
35:20 Hand Cart
35:44 Ballistics
35:18 Fletching
35:44 Chain Mail Armor
35:58 Murder Holes
36:14 Masonry
37:04 Gold Shaft Mining
36:20 Stone Mining
36:59 Elite Konnik
38:16 Plate Barding Armor
39:17 Bagains
41:03 Blast Furnace
39:59 Bodkin Arrow
41:10 Conscription
41:36 Bracer
42:48 Stirrups
43:50 Plate Mail Armor
43:40 Hussar
43:49 Pikeman
44:30 Squires
44:36 Halberdier
45:21 Caravan
48:35 Crop Rotation
Connection lost

Rejoining the realm…

Still unreachable

The connection could not be restored.

Session expired

The server has moved on; the page needs a fresh start.